 Dungeon Crawl Stone Soup version 0.31-a0-174-g85c54bcb58 (webtiles) character file.

Game seed: 1721893414465553938

905 Pooter the Cleaver (level 7, -4/66 HPs)
             Began as a Minotaur Monk on June 15, 2023.
             Slain by a gnoll
             ... wielding a +0 halberd
             ... led by a gnoll sergeant
              (6 damage)
             ... on level 5 of the Dungeon.
             The game lasted 00:16:45 (3937 turns).

Pooter the Cleaver (Minotaur Monk)                  Turns: 3937, Time: 00:16:46

Health: -4/66      AC:  9    Str: 18    XL:     7   Next: 80%
Magic:  6/6        EV: 10    Int:  7    God:
Gold:   309        SH:  0    Dex: 12    Spells: 6/6 levels left

rFire   + + .        a - +0 war axe
rCold   + . .        (no shield)
rNeg    . . .        y - +2 scale mail {rF+}
rPois   +            (helmet restricted)
rElec   .            r - scarf {rC+ rF+}
rCorr   .            (no gloves)
SInv    .            w - +0 pair of boots
Will    .....        (no amulet) Stlth
                     g - ring of flight
HPRegen 0.31/turn    P - ring of poison resistance
MPRegen 0.10/turn

%: no passive effects
@: flying
A: horns 2, retaliatory headbutt
a: no special abilities


You were on level 5 of the Dungeon.
You visited 2 branches of the dungeon, and saw 6 of its levels.

You collected 309 gold pieces.

Inventory:

Hand Weapons
 a - a +0 war axe (weapon)
   (You found it on level 4 of the Dungeon)
 z - a +0 flail of holy wrath
   (You took it off Edmund on level 4 of the Dungeon)
 A - a +2 mace of draining
   (You found it on level 2 of the Dungeon)
Missiles
 o - 8 boomerangs (quivered)
 Q - 20 stones
Armour
 d - an orb of light
 e - a +0 chain mail
   (You found it on level 1 of the Dungeon)
 r - a scarf of resistance (worn)
   (You found it on level 2 of the Dungeon)
 w - a +0 pair of boots (worn)
   (You found it on level 3 of the Dungeon)
 y - a +2 scale mail of fire resistance (worn)
   (You took it off Edmund on level 4 of the Dungeon)
Jewellery
 g - a ring of flight (left hand)
   (You found it on level 1 of the Dungeon)
 v - a ring of ice
   (You found it on level 3 of the Dungeon)
 P - a ring of poison resistance (right hand)
   (You found it on level 3 of the Dungeon)
Scrolls
 j - a scroll of immolation {unknown}
 k - a scroll of acquirement {unknown}
 l - a scroll of vulnerability {unknown}
 m - a scroll of enchant armour {unknown}
 n - a scroll of amnesia
 q - a scroll of blinking {unknown}
 s - a scroll of butterflies {unknown}
 t - 2 scrolls of teleportation {@r4}
 x - a scroll of fog {unknown}
 D - a scroll of identify {unknown}
Potions
 b - a potion of enlightenment {unknown}
 c - a potion of ambrosia
 f - a potion of berserk rage {unknown}
 h - 2 potions of lignification {unknown}
 i - 2 potions of resistance {unknown}
 p - a potion of might {unknown}
 u - 3 potions of curing {unknown}
 B - a potion of heal wounds {unknown}
 C - a potion of brilliance {unknown}


   Skills:
 + Level 7.2 Fighting
 * Level 9.4 Axes
 - Level 3.2 Dodging


You had 6 spell levels left.
You didn't know any spells.
Your spell library contained the following spells:

 Spells                   Type           Power      Damage    Failure   Level
 Ensorcelled Hibernation  Hex/Ice        0%         N/A       94%         2
 Passwall                 Tmut/Erth      0%         N/A       94%         2
 Swiftness                Air            0%         N/A       99%         3
 Iskenderun's Battlesphe  Conj           0%         2d6       100%        5
 Leda's Unmaking          Conj/Erth      0%         9d1       100%        6
 Spellforged Servitor     Conj/Summ      0%         N/A       100%        7


Dungeon Overview and Level Annotations

Branches:
Dungeon (5/15)             Temple (1/1) D:4

Altars:
Ashenzari
Cheibriados
Fedhas
Gozag
Kikubaaqudgha
Nemelex Xobeh
Qazlal
Ru
Sif Muna
Vehumet
Xom
Yredelemnul
Zin


Innate Abilities, Weirdness & Mutations

You have a pair of horns on your head.
You reflexively headbutt those who attack you in melee.


Message History

The gnoll hits you from afar with a +0 halberd!
The gnoll sergeant hits you but does no damage.
The gnoll closely misses you.
You slash the gnoll sergeant! The gnoll hits you but does no damage.
The gnoll barely misses you.
The gnoll sergeant hits you but does no damage.
You hit the gnoll sergeant but do no damage.
The gnoll barely misses you. The gnoll hits you but does no damage.
The gnoll sergeant hits you with a +0 spear!
You hit the gnoll sergeant. The gnoll hits you but does no damage.
The gnoll sergeant hits you with a +0 spear.
* * * LOW HITPOINT WARNING * * *
The gnoll completely misses you. The gnoll sergeant blocks your attack.
You headbutt the gnoll sergeant.
The gnoll hits you from afar with a +0 halberd!
* * * LOW HITPOINT WARNING * * *
The gnoll barely misses you. The gnoll sergeant misses you.
You closely miss the gnoll sergeant.
You headbutt the gnoll sergeant, but do no damage.
The gnoll hits you but does no damage. x2
The gnoll sergeant hits you but does no damage.
You hit the gnoll sergeant but do no damage.
The gnoll closely misses you.
The gnoll hits you from afar with a +0 spear.
* * * LOW HITPOINT WARNING * * *
The gnoll sergeant hits you but does no damage.
The gnoll sergeant blocks your attack. The gnoll closely misses you.
The gnoll hits you but does no damage. The gnoll sergeant barely misses you.
You furiously retaliate!
You headbutt the gnoll sergeant.
Unknown command.
You barely miss the gnoll sergeant. The gnoll closely misses you.
The gnoll hits you from afar with a +0 spear.
* * * LOW HITPOINT WARNING * * *
The gnoll sergeant closely misses you.
You hit the gnoll sergeant. You headbutt the gnoll sergeant!
The gnoll sergeant barely misses you.
The gnoll hits you from afar with a +0 spear.
* * * LOW HITPOINT WARNING * * *
The gnoll hits you from afar with a +0 halberd.
* * * LOW HITPOINT WARNING * * *
You hit the gnoll sergeant but do no damage.
The gnoll hits you from afar with a +0 halberd!
* * * LOW HITPOINT WARNING * * *
The gnoll hits you but does no damage.
The gnoll sergeant hits you with a +0 spear.
* * * LOW HITPOINT WARNING * * *
Okay, then.
You hit the gnoll sergeant but do no damage.
The gnoll hits you from afar with a +0 halberd.
You die...

.. #.# #. ######.# #.# .
#.. #.#.##.# #.#
...#..####.#.##.####.###
.........).............#
......s.).......####.###
...#..####..g##.# #.# #.
#.g.##.####.### #
#..g@.........#
##..##.######## #..####
#..# #..# .... .#..##
...## # #.


You could see a gnoll sergeant and 2 gnolls.

Vanquished Creatures
  Sigmund (D:3)
  Menkaure (D:4)
  Edmund (D:4)
  4 scorpions
  A jelly (D:5)
  2 sleepcaps (D:4)
  3 gnolls
  10 adders
  5 dart slugs
  6 endoplasms
  5 giant cockroaches
  5 goblins
  6 hobgoblins
  3 kobolds
  5 quokkas
  7 ball pythons
  10 bats
  3 frilled lizards
  3 rats
81 creatures vanquished.

Notes
Turn   | Place    | Note
-------+----------+-------------------------------------------
     0 | D:1      | Pooter the Minotaur Monk began the quest for the Orb.
     0 | D:1      | Reached XP level 1. HP: 19/19 MP: 0/0
   120 | D:1      | Reached skill level 4 in Axes
   159 | D:1      | Reached XP level 2. HP: 19/27 MP: 1/1
   454 | D:1      | Reached XP level 3. HP: 25/33 MP: 2/2
   566 | D:2      | Upgraded the game from 0.31-a0-167-g1c394c0614 to
                  | 0.31-a0-174-g85c54bcb58
   666 | D:2      | Reached skill level 5 in Axes
   922 | D:2      | Reached XP level 4. HP: 36/41 MP: 3/3
  1700 | D:3      | Found a faded altar of an unknown god.
  2305 | D:3      | Found a faded altar of an unknown god.
  2305 | D:3      | Noticed Sigmund
  2318 | D:3      | Killed Sigmund
  2319 | D:3      | Reached skill level 5 in Fighting
  2319 | D:3      | Reached skill level 6 in Axes
  2319 | D:3      | Reached XP level 5. HP: 37/48 MP: 4/4
  2319 | D:3      | Reached XP level 6. HP: 44/56 MP: 5/5
  2362 | D:3      | Found a radiant altar of Vehumet.
  2406 | D:3      | Reached skill level 7 in Axes
  2724 | D:4      | Noticed Edmund
  2736 | D:4      | Killed Edmund
  2856 | D:4      | Reached skill level 8 in Axes
  2856 | D:4      | Reached XP level 7. HP: 63/63 MP: 6/6
  3199 | D:4      | Found a staircase to the Ecumenical Temple.
  3208 | Temple   | Entered the Ecumenical Temple
  3475 | D:4      | Noticed Menkaure
  3488 | D:4      | Killed Menkaure
  3489 | D:4      | Reached skill level 9 in Axes
  3626 | D:5      | Entered Level 5 of the Dungeon
  3936 | D:5      | HP: 3/66 [gnoll/+0 halberd[a gnoll sergeant] (8)]
  3936 | D:5      | HP: 1/66 [gnoll sergeant/+0 spear (2)]
  3937 | D:5      | Slain by a gnoll

Illustrated notes

Levels and vault maps discovered:
D:1:      heliophobic_arrival_glass_houses, layout_basic, columned_hall_lemuel
D:2:      layout_basic
D:3:      layout_loops_corners, nicolae_overflow_ecumenical_swirl,
          chequers_ecumenical_altar_island, roderic_batcave, uniq_sigmund
D:4:      layout_gridville, minmay_temple_entry_trees, uniq_edmund,
          uniq_menkaure
D:5:      layout_basic, nicolae_hepliaklqana_ecumenical_no_more,
          nicolae_elyvilon_temple_path, uniq_duvessa, uniq_crazy_yiuf_cottage,
          uniq_prince_ribbit1
Temple:   hellmonk_temple_forest_ring

Skill      XL: |  1  2  3  4  5  6  7 |
---------------+----------------------+-----
Axes           | 4 5 6 8 9 |  9.4
Fighting       | 4 5 6 7 |  7.2
Dodging        | |  3.2

Action                     |  1- 3 |  4- 6 |  7- 9 || total
---------------------------+-------+-------+-------++-------
  Melee: Hand axe          |    70 |    21 |       ||    91
         Headbutt          |    12 |    11 |    10 ||    33
         Mace              |       |    54 |       ||    54
         Punch             |       |     2 |       ||     2
         War axe           |       |       |    50 ||    50
  Throw: Stone             |     6 |       |       ||     6
         Boomerang         |       |     6 |    14 ||    20
    Use: Scroll            |       |     1 |     1 ||     2
 Armour: Chain mail        |    37 |    47 |       ||    84
         Scale mail        |       |     3 |    28 ||    31
  Dodge: Dodged            |    22 |    38 |    36 ||    96

Table legend: (Time is in decaauts)
 A = Elapsed time spent in this place.
 B = Non-inter-level travel time spent in this place.
 C = Inter-level travel time spent in this place.
 D = Time resting spent in this place.
 E = Time spent auto-exploring this place.
 F = Levels seen in this place.
 G = Mean time per level.
                   A        B        C        D        E       F      G
               +--------+--------+--------+--------+--------+-----+--------+
         Total |   3961 |   3823 |    138 |    326 |   2823 |   6 |  660.2 |
       Dungeon |   3824 |   3692 |    132 |    326 |   2702 |   5 |  764.8 |
        Temple |    137 |    131 |      6 |      0 |    121 |   1 |  137.0 |
               +--------+--------+--------+--------+--------+-----+--------+

Top non-repeatable levels by time:
     D:2: 1101 daAuts
     D:4: 1076 daAuts
     D:3: 944 daAuts
     D:1: 567 daAuts
  Temple: 137 daAuts
     D:5: 134 daAuts
